 Dungeon Crawl Stone Soup version 0.31.0-11-ge490571c62 (webtiles) character file.

Game seed: 7148734170724122990

115 Gadfly the Insei (level 4, -9/35 HPs)
             Began as a Demonspawn Monk on Feb 2, 2024.
             Mangled by an iguana (26 damage)
             ... on level 6 of the Dungeon.
             The game lasted 00:03:34 (2586 turns).

Gadfly the Insei (Demonspawn Monk)                  Turns: 2586, Time: 00:03:35

Health: -9/35      AC:  4    Str: 17 (19) XL:     4   Next: 68%
Magic:  4/4        EV:  2    Int:  8 (10) God:
Gold:   93         SH:  0    Dex: 14 (16) Spells: 0/3 levels left

rFire   . . .        b - +2 dagger (venom)
rCold   . . .        c - orb {light}
rNeg    + . .        a - +1 robe
rPois   .            (helmet currently unavailable)
rElec   .            (cloak currently unavailable)
rCorr   .            (gloves currently unavailable)
SInv    .            m - melded +0 pair of boots
Will    .....        (no amulet)
Stlth   +            i - +6 ring of strength
HPRegen 0.25/turn    e - ring of positive energy
MPRegen 0.09/turn

%: no passive effects
@: beast-form, sleeping, glowing
A: beast (slay +0), demonic guardian 1, sharp scales 1, demonic touch 1
a: Begin Untransformation


You were on level 6 of the Dungeon.
You were a hulking beast.
You visited 1 branch of the dungeon, and saw 6 of its levels.

You collected 93 gold pieces.

Inventory:

Hand Weapons
 b - a +2 dagger of venom (weapon)
Armour
 a - a +1 robe (worn)
 c - an orb of light (worn)
 m - a +0 pair of boots (melded)
Jewellery
 e - a ring of positive energy (right hand)
 i - a +6 ring of strength (left hand)
Talismans
 f - a beast talisman (active)
Wands
 n - a wand of light (5)
Scrolls
 l - a scroll of enchant armour
 o - a scroll of teleportation {unknown}
 q - a scroll of fear {unknown}
Potions
 d - a potion of might
 g - a potion of heal wounds {unknown}
 h - a potion of haste {unknown}
 j - a potion of lignification
 k - a potion of ambrosia
 p - a potion of mutation {unknown}


   Skills:
 - Level 3.0 Fighting
 + Level 3.1 Dodging
 * Level 3.4 Unarmed Combat
 * Level 2.1 Evocations
 * Level 1.7 Shapeshifting


You couldn't memorise any spells.
You knew the following spells:

 Your Spells              Type           Power      Damage    Failure   Level
a - Swiftness             Air            0%         N/A       78%         3

Your spell library contained the following spells:

 Spells                   Type           Power      Damage    Failure   Level
 Shock                    Conj/Air       0%         1d3       41%         1
 Call Imp                 Summ           0%         N/A       54%         2
 Sublimation of Blood     Necr           0%         N/A       54%         2
 Airstrike                Air            0%         2d(0-16)  99%         4
 Summon Hydra             Summ           0%         N/A       100%        7


Dungeon Overview and Level Annotations

Branches:
Dungeon (7/15)
 Temple: D:4-7

Altars:


Innate Abilities, Weirdness & Mutations

You are a hulking beast.
Your limbs bulge with bestial killing power. (Slay +0)
A weak demonic guardian rushes to your aid.
You are partially covered in razor-sharp scales. (AC +1, Slay +1)
Your touch may inflict minor irresistible damage on your foes.


Message History

The hound barely misses you.
You hit the hound.
The hound looks as sick as possible!
The hound is heavily wounded.
The hound completely misses you. The hound barely misses you.
You barely miss the hound.
The hound is heavily wounded.
The hound bites you but does no damage.
You hit the hound.
The hound looks as sick as possible!
The hound is almost dead.
The hound bites you but does no damage. x2
You barely miss the hound.
The hound is almost dead.
You kill the hound!
You feel your strength returning.
Your Evocations skill increases to level 2!
No target in view!
No target in view!
No target in view!
No target in view!
No target in view!
n - a wand of light (5)
o - a scroll labelled WAUHO FES XAAV
q - a scroll labelled IMA XIESERRE As you open the door, it creaks loudly!
There is an open door here.
There is a stone staircase leading up here.
You climb upwards.
The iguana barely misses you. The sleepcap closely misses you.
There is a stone staircase leading down here.
There are monsters nearby!
The iguana bites you! The steam dragon barely misses you.
The steam dragon claws you. The sleepcap releases spores at you.
A demonic guardian appears!
You are engulfed in a cloud of soporific spores!
You fall asleep.
You stop descending the stairs.
The orc shouts!
The iguana bites you!!
Ouch! That really hurt!
You die...

###########
#.........#
#####..........
#.....$........
#..............
#.....Dh...!..o
#####.f.l.....#
...5.........
.......#######.
....... .......
....... .......


You could see a steam dragon, a sleepcap (ally target), an iguana, an orc and a
friendly quasit (summoned).

Vanquished Creatures
  A hound (D:7)
  An adder (D:2)
  2 dart slugs
  6 orcs (D:3)
  5 bats
  4 endoplasms
  2 giant cockroaches
  8 hobgoblins
  8 jackals (D:2)
  3 kobolds
  2 quokkas
  4 ball pythons
  4 frilled lizards
  4 goblins
  7 rats
61 creatures vanquished.

Vanquished Creatures (collateral kills)
  A kobold (D:3)
  A quokka (D:1)
  A bat (D:3)
3 creatures vanquished.

Grand Total: 64 creatures vanquished

Notes
Turn   | Place    | Note
-------+----------+-------------------------------------------
     0 | D:1      | Gadfly the Demonspawn Monk began the quest for the Orb.
     0 | D:1      | Reached XP level 1. HP: 18/18 MP: 1/1
   399 | D:1      | Gained mutation: A weak demonic guardian rushes to your
                  | aid. [demonic ancestry]
   399 | D:1      | Reached XP level 2. HP: 24/24 MP: 2/2
   844 | D:2      | Reached skill level 1 in Evocations
   884 | D:2      | Reached skill level 1 in Shapeshifting
   884 | D:2      | Gained mutation: You are partially covered in razor-sharp
                  | scales. (AC +1, Slay +1) [demonic ancestry]
   884 | D:2      | Reached XP level 3. HP: 23/29 MP: 3/3
  1783 | D:3      | Gained mutation: Your touch may inflict minor irresistible
                  | damage on your foes. [demonic ancestry]
  1783 | D:3      | Reached XP level 4. HP: 34/35 MP: 4/4
  2181 | D:3      | Learned a level 3 spell: Swiftness
  2392 | D:4      | You fall into a shaft and drop 3 floors!
  2396 | D:6      | Noticed a steam dragon
  2586 | D:6      | Mangled by an iguana

Illustrated notes

Levels and vault maps discovered:
D:1:      saegor_arrival_simple_a, layout_basic
D:2:      layout_rooms
D:3:      layout_rooms
D:4:      layout_basic, mainiacjoe_overflow_large_starburst,
          lightli_sewer_entry_pipes, serial_shops, nicolae_shop_rolled_up, shop,
          uniq_robin
D:6:      layout_basic, minmay_temple_entry_overgrown,
          hangedman_decor_slide_cut, uniq_eustachio
D:7:      layout_loops_corners, sigmund_edmund_badplayer

Skill      XL: |  1  2  3  4 |
---------------+-------------+-----
Unarmed Combat | 3 |  3.4
Evocations     | 1 2 |  2.1
Shapeshifting  | 1 |  1.7
Dodging        | 3 |  3.1
Fighting       | |  3.0

Action                     |  1- 3 |  4- 6 || total
---------------------------+-------+-------++-------
  Melee: Unarmed           |    43 |       ||    43
         Dagger            |    75 |    34 ||   109
Ability: Begin Untransform |     1 |       ||     1
    Use: Scroll            |     2 |     3 ||     5
         Potion            |     2 |       ||     2
 Armour: Robe              |    66 |    21 ||    87
  Dodge: Dodged            |    74 |    43 ||   117
   Form: Beast             |     2 |       ||     2
